 Dungeon Crawl Stone Soup version 0.31-a0-1591-g515db51633 (webtiles) character file.

Game seed: 9298117675157988185

95 MisterAzrael the Ruffian (level 4, -2/51 HPs)
             Began as a Gnoll Shapeshifter on Jan 6, 2024.
             Killed by divine providence
             ... invoked by an orc priest
              (11 damage)
             ... on level 3 of the Dungeon.
             The game lasted 00:01:38 (1630 turns).

MisterAzrael the Ruffian (Gnoll Shapeshifter)       Turns: 1630, Time: 00:01:39

Health: -2/51      AC: 22    Str: 15    XL:     4   Next: 65%
Magic:  5/5        EV:  2    Int:  9    God:
Gold:   94         SH:  0    Dex: 12    Spells: 5/5 levels left

rFire   . .          .
                       - Unarmed
rCold   . . .        (no shield)
rNeg    . . .        a - melded +0 animal skin
rPois   +            (helmet currently unavailable)
rElec   .            (cloak currently unavailable)
rCorr   .            (gloves currently unavailable)
SInv    .            (boots currently unavailable)
Will    .....        (no amulet)
Stlth   ++           (no ring)
HPRegen 0.28/turn    (no ring)
MPRegen 0.09/turn

%: no passive effects
@: tree-form
A: stationary, stasis, torment immunity, boosted hp, (fangs 1), strong nose,
distributed training
a: no special abilities


You were on level 3 of the Dungeon.
You were a tree.
You visited 1 branch of the dungeon, and saw 3 of its levels.

You collected 94 gold pieces.

Inventory:

Armour
 a - a +0 animal skin (melded)
Talismans
 c - a beast talisman
 d - a flux talisman
Scrolls
 f - 3 scrolls of amnesia {unknown}
 g - a scroll of enchant armour {unknown}
 h - 2 scrolls of identify {unknown}
 j - 2 scrolls of teleportation {unknown}
 k - a scroll of revelation {unknown}
 l - a scroll of immolation {unknown}
 m - a scroll of poison {unknown}
Potions
 e - 2 potions of curing
 i - 2 potions of might {unknown}


   Skills:
 + Level 2.8 Fighting
 + Level 1.2 Short Blades
 + Level 1.2 Long Blades
 + Level 1.2 Axes
 + Level 1.2 Maces & Flails
 + Level 1.2 Polearms
 + Level 1.2 Staves
 + Level 1.2 Ranged Weapons
 + Level 1.2 Throwing
 + Level 1.2 Armour
 + Level 4.7 Dodging
 + Level 1.2 Stealth
 + Level 1.2 Shields
 + Level 6.6 Unarmed Combat
 + Level 1.2 Spellcasting
 + Level 1.0 Conjurations
 + Level 1.0 Hexes
 + Level 1.0 Summonings
 + Level 1.0 Necromancy
 + Level 1.0 Translocations
 + Level 1.0 Fire Magic
 + Level 1.0 Ice Magic
 + Level 1.0 Air Magic
 + Level 1.0 Earth Magic
 + Level 1.0 Alchemy
 + Level 1.4 Invocations
 + Level 1.2 Evocations
 + Level 6.6 Shapeshifting


You had 5 spell levels left.
You didn't know any spells.
Your spell library contained the following spells:

 Spells                   Type           Power      Damage    Failure   Level
 Fugue of the Fallen      Necr           2%         N/A       56%         3
 Inner Flame              Hex/Fire       2%         N/A       56%         3
 Ozocubu's Armour         Ice            2%         N/A       56%         3
 Manifold Assault         Tloc           2%         N/A       93%         4
 Vhi's Electric Charge    Tloc/Air       4%         N/A       93%         4
 Arcjolt                  Conj/Air       1%         1d11      100%        5
 Irradiate                Conj/Alch      1%         3d12      100%        5
 Ignition                 Fire           1%         3d3       100%        8
 Maxwell's Capacitive Co  Air            1%         ∞         100%        8


Dungeon Overview and Level Annotations

Branches:
Dungeon (3/15)

Altars:
Sif Muna


Innate Abilities, Weirdness & Mutations

You are a tree.
Your roots penetrate the ground, keeping you stationary.
You cannot be teleported.
You are immune to unholy pain and torment.
Your maximum health is greatly increased.
Your equipment is partially melded.
((You have very sharp teeth.))
Your uncanny sense of smell can sniff out nearby items.
Your experience applies equally to all skills.


Message History

An orc comes into view. It is wielding a +0 hand axe.
The orc shouts!
The orc wizard shouts!
You hit the orc. Your bite misses the orc.
The orc is severely wounded.
The orc hits you with a +0 flail.
You are too injured to fight recklessly!
It was a potion of curing.
You feel better. The orc barely misses you.
Your transformation has ended.
You turn into a tree.
Your +0 animal skin melds into your body.
Your roots penetrate the ground.
The orc hits you with a +0 flail.
The orc wizard gestures wildly while chanting.
The orc wizard flickers and vanishes!
Deactivating autopickup; reactivate with Ctrl-A.
You pummel the orc!!
You kill the orc!
You closely miss the orc priest.
You punch the orc priest, but do no damage.
The orc priest hits you but does no damage.
You barely miss the orc priest.
The orc priest hits you but does no damage.
You smack the orc priest!
The orc priest is almost dead.
The orc priest mumbles some strange prayers to Beogh against you.
Beogh smites you!
You closely miss the orc priest.
The orc priest is almost dead.
The orc priest mumbles some strange prayers to Beogh against you.
Beogh smites you!
* * * LOW HITPOINT WARNING * * *
A hobgoblin comes into view.
You closely miss the orc priest.
The orc priest is almost dead.
The hobgoblin shouts!
The orc priest hits you but does no damage.
You closely miss the orc priest.
The orc priest is almost dead.
The orc priest mumbles some strange prayers to Beogh against you.
Beogh smites you!
You die...

#####+ # .....
#.#.... ∆ #......
#### '.g.... ###
#... #...... ..#
##.. #.....o####.#
# #... . #.o#.#.#
#.#... ..#.#♣#..#
#..... ...####.#
##+####..
###......#
#........ ####...#
#........
####.######........
#..................
#..................
#..................
#..................


You could see an orc priest, an orc and a hobgoblin.

Vanquished Creatures
  A hound (D:3)
  An adder (D:2)
  A ribbon worm (D:3)
  An orc (D:3)
  4 endoplasms
  5 giant cockroaches
  5 hobgoblins
  4 jackals (D:1)
  2 quokkas (D:1)
  2 ball pythons (D:1)
  2 bats
  4 frilled lizards
  8 goblins
  3 kobolds
  5 rats
48 creatures vanquished.

Notes
Turn   | Place    | Note
-------+----------+-------------------------------------------
     0 | D:1      | MisterAzrael the Gnoll Shapeshifter began the quest for the
                  | Orb.
     0 | D:1      | Reached XP level 1. HP: 17/17 MP: 1/1
   146 | D:1      | Reached XP level 2. HP: 19/23 MP: 2/2
   524 | D:1      | Reached XP level 3. HP: 24/28 MP: 3/3
   981 | D:2      | Reached skill level 1 in Invocations
  1036 | D:2      | Found a shimmering blue altar of Sif Muna.
  1157 | D:2      | Reached skill level 1 in Short Blades
  1157 | D:2      | Reached skill level 1 in Long Blades
  1157 | D:2      | Reached skill level 1 in Axes
  1157 | D:2      | Reached skill level 1 in Maces & Flails
  1157 | D:2      | Reached skill level 1 in Polearms
  1157 | D:2      | Reached skill level 1 in Staves
  1157 | D:2      | Reached skill level 1 in Ranged Weapons
  1157 | D:2      | Reached skill level 1 in Throwing
  1157 | D:2      | Reached skill level 1 in Armour
  1157 | D:2      | Reached skill level 1 in Stealth
  1157 | D:2      | Reached skill level 1 in Shields
  1157 | D:2      | Reached skill level 1 in Spellcasting
  1157 | D:2      | Reached skill level 1 in Evocations
  1437 | D:3      | Reached skill level 1 in Conjurations
  1437 | D:3      | Reached skill level 1 in Hexes
  1437 | D:3      | Reached skill level 1 in Summonings
  1437 | D:3      | Reached skill level 1 in Necromancy
  1437 | D:3      | Reached skill level 1 in Translocations
  1437 | D:3      | Reached skill level 1 in Fire Magic
  1437 | D:3      | Reached skill level 1 in Ice Magic
  1437 | D:3      | Reached skill level 1 in Air Magic
  1437 | D:3      | Reached skill level 1 in Earth Magic
  1437 | D:3      | Reached skill level 1 in Alchemy
  1437 | D:3      | Reached XP level 4. HP: 34/34 MP: 5/5
  1630 | D:3      | Killed from afar by an orc priest

Illustrated notes

Levels and vault maps discovered:
D:1:      minmay_arrival_cross, layout_loops_ring
D:2:      cheibrodos_old_hovel, layout_loops_ring, basic_altar
D:3:      layout_basic, overflow_temple_1_default, minmay_misc_feat_tiny

Skill      XL: |  1  2  3 |
---------------+----------+-----
Invocations    | 1 |  1.4
Short Blades   | 1 |  1.2
Long Blades    | 1 |  1.2
Axes           | 1 |  1.2
Maces & Flails | 1 |  1.2
Polearms       | 1 |  1.2
Staves         | 1 |  1.2
Ranged Weapons | 1 |  1.2
Throwing       | 1 |  1.2
Armour         | 1 |  1.2
Stealth        | 1 |  1.2
Shields        | 1 |  1.2
Spellcasting   | 1 |  1.2
Evocations     | 1 |  1.2
Conjurations   | 1 |  1.0
Hexes          | 1 |  1.0
Summonings     | 1 |  1.0
Necromancy     | 1 |  1.0
Translocations | 1 |  1.0
Fire Magic     | 1 |  1.0
Ice Magic      | 1 |  1.0
Air Magic      | 1 |  1.0
Earth Magic    | 1 |  1.0
Alchemy        | 1 |  1.0
Fighting       | |  2.8
Dodging        | |  4.7
Unarmed Combat | |  6.6
Shapeshifting  | |  6.6

Action                     |  1- 3 |  4- 6 || total
---------------------------+-------+-------++-------
  Melee: Unarmed           |    77 |    23 ||   100
         Bite              |     6 |     3 ||     9
         Punch             |       |     2 ||     2
    Use: Potion            |       |     2 ||     2
   Stab: Sleeping          |     2 |       ||     2
 Armour: Animal skin       |    27 |     8 ||    35
         Skin              |       |     4 ||     4
  Dodge: Dodged            |    45 |     7 ||    52

Table legend: (Time is in decaauts)
 A = Elapsed time spent in this place.
 B = Non-inter-level travel time spent in this place.
 C = Inter-level travel time spent in this place.
 D = Time resting spent in this place.
 E = Time spent auto-exploring this place.
 F = Levels seen in this place.
 G = Mean time per level.
                   A        B        C        D        E       F      G
               +--------+--------+--------+--------+--------+-----+--------+
         Total |   1617 |   1569 |     48 |     16 |   1270 |   3 |  539.0 |
       Dungeon |   1617 |   1569 |     48 |     16 |   1270 |   3 |  539.0 |
               +--------+--------+--------+--------+--------+-----+--------+

Top non-repeatable levels by time:
     D:1: 764 daAuts
     D:2: 651 daAuts
     D:3: 201 daAuts
